Map: Para Site LE

Players

BadFaith

  • Race: Zerg Zerg
  • League: Platinum
  • Spawn Location: 11:00

PriCeTaG - Winner!

  • Race: Terran Terran
  • Spawn Location: 5:00

VOD

Have the link to the VOD?

Description

Time

  • Played on: Dec. 13, 2018, 10:29 a.m.
  • Length: 4:25
Show
View Real Time Build Order
Export as new Build Order

BadFaith Zerg 

Build Orders: Hatch First 

Get SALT Encoding   

  12  0:01  Drone  
  13  0:13  Overlord  
  13  0:17  Drone  
  14  0:31  Drone x2  
  14  0:34  Drone  
  17  0:54  Hatchery  
  17  0:56  Drone  
  17  0:59  Extractor  
  17  1:01  Drone  
  17  1:18  Spawning Pool, Drone  
  17  1:23  Drone  
  18  1:29  Drone  
  19  1:40  Drone  
  20  1:50  Overlord  
  20  2:00  Drone  
  21  2:04  Metabolic Boost  
  21  2:05  Queen  
  21  2:07  Zergling x2  
  24  2:11  Drone  
  25  2:16  Drone  
  26  2:27  Drone x2  
  28  2:36  Drone  
  29  2:46  Drone x2  
  31  2:55  Drone x2  
  31  2:56  Pneumatized Carapace  
  33  3:01  Hatchery  
  33  3:03  Drone  
  33  3:12  Drone x2  
  35  3:20  Drone  
  36  3:32  Overlord x3  
  36  3:43  Queen, Spore Crawler, Evolution Chamber  
  36  3:59  Zergling x10  
Show
View Real Time Build Order
Export as new Build Order

PriCeTaG Terran - Winner!

Build Orders: Gas First Reaper Expand 

Get SALT Encoding   

  12  0:01  SCV  
  13  0:14  SCV  
  13  0:20  Supply Depot  
  14  0:26  SCV  
  15  0:28  Refinery  
  15  0:41  SCV  
  16  0:45  Barracks  
  16  0:53  SCV  
  17  1:05  SCV  
  18  1:18  SCV  
  19  1:33  Reaper, Orbital Command  
  20  1:44  Command Center  
  20  1:51  Factory  
  20  1:59  SCV  
  21  2:01  Refinery  
  21  2:08  Supply Depot  
  21  2:11  SCV  
  21  2:14  Barracks Reactor  
  22  2:25  SCV  
  24  2:37  SCV  
  24  2:49  SCV  
  25  2:56  Orbital Command  
  25  3:00  Barracks Tech Lab  
  25  3:01  SCV  
  25  3:03  Hellion  
  25  3:04  Hellion  
  30  3:13  SCV  
  30  3:15  Supply Depot  
  31  3:25  SCV  
  32  3:29  Hellion x2  
  32  3:30  Marine  
  37  3:36  SCV  
  37  3:37  SCV  
  39  3:41  Command Center  
  39  3:48  SCV  
Tags
 
Add a new tag
Caveats
  • Supply blocks, unpowered buildings, or Contaminate may cause inaccurate times.
  • Supply counts are checked every 10 seconds.